 Dungeon Crawl Stone Soup version 0.29.0-5-ge4962eb29e (webtiles) character file.

Game seed: 816748174284936570

24831 SnakkuSnakku7 the Marksmerfolk (level 13, -31/93 HPs)
             Began as a Merfolk Air Elementalist on Aug 30, 2022.
             Was the Champion of Cheibriados.
             Annihilated by a komodo dragon (75 damage)
             ... on level 4 of the Lair of Beasts.
             The game lasted 00:24:37 (15810 turns).

SnakkuSnakku7 the Marksmerfolk (MfAE)              Turns: 15810, Time: 00:24:38

Health: -31/93     AC: 14    Str: 23    XL:     13   Next: 15%
Magic:  16/16      EV:  2    Int: 29    God:    Cheibriados [******]
Gold:   501        SH:  0    Dex: 35    Spells: 16/16 levels left

rFire   . . .      SeeInvis .   a - +0 shortbow
rCold   . . .      Faith    .   (shield currently unavailable)
rNeg    . . .      Spirit   .   N - +0 troll leather armour
rPois   .          Reflect  .   P - +2 helmet
rElec   .          Harm     .   p - +0 cloak
rCorr   .          Rampage  .   n - +0 pair of gloves
Will    .....                   B - +0 pair of boots
Stlth   +++.......              Q - amulet of the acrobat
HPRegen 1.05/turn               o - +4 ring of evasion
MPRegen 0.15/turn               I - +4 ring of protection

@: about to teleport, sleeping, very slow
A: (nimble swimmer 2), mertail, screaming 1, subdued magic 1, MP-powered wands
a: Renounce Religion, Bend Time, Temporal Distortion, Slouch, Step From Time


You were on level 4 of the Lair of Beasts.
You worshipped Cheibriados.
Cheibriados was exalted by your worship.
You visited 2 branches of the dungeon, and saw 14 of its levels.
You also visited: Sewer.

You collected 990 gold pieces.
You spent 489 gold pieces at shops.

Inventory:

Hand Weapons
 a - a +0 shortbow (weapon)
Missiles
 f - a throwing net
 r - 7 curare-tipped darts
Armour
 c - a +0 leather armour
 n - a +0 pair of gloves (worn)
 p - a +0 cloak (worn)
 w - the +2 ring mail of the Morning {+Blink Will+ MP+9}
   (You found it on level 3 of the Dungeon)

   MP:        It affects your magic capacity (+9).
   +Blink:    It lets you blink.
   Will:      It increases your willpower.
 B - a +0 pair of boots (worn)
 N - a +0 troll leather armour (worn)
 P - a +2 helmet (worn)
Jewellery
 d - a ring of wizardry
 l - a ring of willpower
 o - a +4 ring of evasion (left hand)
 t - a +6 ring of intelligence
 C - an amulet of regeneration
 I - a +4 ring of protection (right hand)
 M - a ring of see invisible
 Q - an amulet of the acrobat (around neck)
Wands
 i - a wand of digging (3)
 z - a wand of mindburst (16)
 D - a wand of polymorph (12)
 J - a wand of roots (22)
Scrolls
 e - 3 scrolls of fear
 g - 4 scrolls of poison
 m - 3 scrolls of teleportation
 s - 2 scrolls of vulnerability
 x - a scroll of silence
 y - 2 scrolls of magic mapping
 A - a scroll of identify
 F - a scroll of butterflies {unknown}
 G - a scroll of enchant weapon
 L - 3 scrolls of blinking
Potions
 b - a potion of magic
 h - 5 potions of cancellation
 j - a potion of ambrosia
 k - 3 potions of mutation
 q - a potion of flight
 u - 2 potions of invisibility
 v - 6 potions of attraction {unknown}
 E - 9 potions of curing
 H - a potion of might
 K - 2 potions of brilliance
 O - 4 potions of heal wounds


   Skills:
 + Level 5.9 Fighting
 - Level 16.0 Ranged Weapons
 - Level 12.0 Dodging
 - Level 2.1 Stealth
 - Level 2.0 Spellcasting
 - Level 0.7 Conjurations
 - Level 2.4 Air Magic


You had 16 spell levels left.
You didn't know any spells.
Your spell library contained the following spells:

 Spells                   Type           Power      Damage    Failure   Level
 Shock                    Conj/Air       36%        1d5       4%          1
 Magic Dart               Conj           20%        1d4       6%          1
 Static Discharge         Conj/Air       9%         3-5/arc   6%          2
 Poisonous Vapours        Pois/Air       14%        N/A       7%          2
 Beastly Appendage        Tmut           4%         N/A       8%          1
 Freeze                   Ice            8%         1d3       8%          1
 Sting                    Tmut/Pois      8%         1d3       8%          1
 Searing Ray              Conj           10%        2d4       9%          2
 Swiftness                Air            13%        N/A       9%          3
 Blink                    Tloc           4%         N/A       12%         2
 Ensorcelled Hibernation  Hex/Ice        4%         N/A       12%         2
 Sublimation of Blood     Necr           2%         N/A       12%         2
 Wereblood                Tmut           2%         N/A       12%         2
 Frozen Ramparts          Ice            4%         1d1       24%         3
 Spider Form              Tmut/Pois      2%         N/A       24%         3
 Airstrike                Air            6%         2d(1-17)  32%         4
 Fulminant Prism          Conj/Hex       1%         3d6       58%         4
 Hailstorm                Conj/Ice       3%         3d3       58%         4
 Anguish                  Hex/Necr       1%         N/A       63%         4
 Animate Armour           Summ/Erth      4%         N/A       63%         4
 Olgreb's Toxic Radiance  Pois           2%         N/A       63%         4
 Blade Hands              Tmut           1%         N/A       94%         5
 Manifold Assault         Tloc           2%         N/A       94%         5
 Iron Shot                Conj/Erth      1%         9d1       100%        6
 Storm Form               Tmut/Air       3%         N/A       100%        7
 Summon Hydra             Summ           1%         N/A       100%        7


Dungeon Overview and Level Annotations

Branches:
Dungeon (10/15)            Temple (0/1) D:4            Lair (4/5) D:8
  Swamp (0/4) Lair:3       Spider (0/4) Lair:2        Sewer (visited)
  Slime: Lair:4-5       Orc: D:9-12

Altars:
Cheibriados
Dithmenos
Elyvilon
Gozag
Makhleb

Shops:
D:2 !   D:5 (   D:9 [

Annotations:
D:5 1 transporter, blackman's ghost, novice HuWn
D:8 3 runed translucent doors, pesado's ghost, novice GrFE
D:9 1 runed translucent door, mortz's ghost, novice DrFE


Innate Abilities, Weirdness & Mutations

((You are very nimble when in or above water. (Stealth+, EV+, Speed+++)))
Your lower body shifts to a powerful aquatic tail in water.
You occasionally shout uncontrollably at your foes.
Your spells are a little easier to cast, but a little less powerful.
You expend magic power (3 MP) to strengthen your wands.


Message History

You hear an angry hiss.
You hear a bleat!
A komodo dragon comes into view.
You yell at the komodo dragon!
A dream sheep comes into view. x3
You hear a bleat!
You shoot an arrow. The arrow hits the dream sheep.
The dream sheep is almost dead.
You shoot an arrow. The arrow hits the dream sheep!
You kill the dream sheep!
Cheibriados thoroughly appreciates the change of pace.
The dream sheep are wreathed in dream dust.
You feel drowsy...
You fall asleep.
A dream sheep comes into view. x2
The dream sheep bites you!!
You wake up.
You shoot an arrow. The arrow hits the dream sheep.
The dream sheep is lightly wounded.
The dream sheep completely misses you.
Unknown command.
You shoot an arrow. The arrow hits the dream sheep.
The dream sheep is moderately wounded.
The komodo dragon closely misses you.
Unknown command.
You shoot an arrow. The arrow hits the dream sheep.
The dream sheep is heavily wounded.
You shoot an arrow.
The arrow barely misses the dream sheep.
The komodo dragon completely misses you.
The dream sheep completely misses you.
Unknown command.
Unknown command.
Okay, then.
As you read the scroll of teleportation, it crumbles to dust.
You feel strangely unstable. The komodo dragon bites you!!
The dream sheep bites you.
The dream sheep are wreathed in dream dust.
You feel drowsy...
You fall asleep.
The dream sheep bites you but does no damage.
The komodo dragon bites you!!!!
Ouch! That really hurt!
You die... .... ....
P..# ...... #Y. ........ #YY

....P....
#Y###...#....
#Yl##..........#
#@Y##...#......#
#..............
###P....#..##..
# ##P.)##..#..#
P.
##..##..##.##..
#...###.##.#..#
##...#....<....
#P.............
###.....P..#...


You could see a komodo dragon and 6 dream sheep.

Vanquished Creatures
  2 two-headed ogres
  Urug (Lair:2)
  A bog body (Lair:3)
  Pikel (D:6)
  15 elephants (Lair:3)
  A black mamba (Lair:2)
  4 cane toads
  A rime drake (Lair:2)
  4 komodo dragons
  2 trolls
  2 polar bears (Lair:3)
  12 dream sheep
  A hornet (D:7)
  6 blink frogs (Lair:3)
  2 culicivoras (Lair:2)
  A wyvern (D:7)
  A wraith (D:10)
  A shadow (D:9)
  17 yaks
  2 basilisks
  2 steam dragons
  10 water moccasins
  Menkaure (D:5)
  2 acid dragons (D:10)
  An ice beast (D:6)
  3 black bears
  3 ogres
  5 wolves (Lair:1)
  5 centaurs
  A lemure (D:5)
  7 kobold brigands
  2 gnoll sergeants
  7 scorpions
  5 bullfrogs
  A wyvern skeleton (D:3)
  10 wights
  2 killer bees (D:5)
  The ghost of gelatine the Chopper, a weakling PaGl of Uskayaw (D:3)
  An electric eel (Lair:2)
  A bullfrog zombie (D:3)
  2 howler monkeys (D:9)
  3 gnoll boudas
  3 jellies
  A bullfrog skeleton (D:3)
  3 orc priests
  5 hounds
  8 iguanas
  8 orc wizards
  22 gnolls
  16 adders
  2 river rats (Sewer)
  A shadow imp (D:5)
  A white imp (D:7)
  2 ufetubi (D:6)
  4 worms
  3 dart slugs
  18 orcs
  9 ball pythons
  3 endoplasms
  3 giant cockroaches
  8 goblins
  10 hobgoblins
  5 jackals
  40 kobolds
  2 quokkas (D:4)
  2 bats
  A frilled lizard (D:3)
  11 rats
343 creatures vanquished.

Vanquished Creatures (others)
  6 fungi
  18 plants
24 creatures vanquished.

Grand Total: 367 creatures vanquished

Notes
Turn   | Place    | Note
-------+----------+-------------------------------------------
     0 | D:1      | SnakkuSnakku7 the Merfolk Air Elementalist began the quest
                  | for the Orb.
     0 | D:1      | Reached XP level 1. HP: 13/13 MP: 3/3
   283 | D:1      | Reached XP level 2. HP: 13/19 MP: 5/5
   525 | D:1      | Found a faded altar of an unknown god.
   612 | D:1      | Prayed at the altar of an unknown god.
   612 | D:1      | Became a worshipper of Cheibriados the Contemplative
   612 | D:1      | Reached * piety under Cheibriados
   677 | D:1      | Reached skill level 1 in Ranged Weapons
   803 | D:1      | Reached XP level 3. HP: 24/24 MP: 6/6
  1441 | D:2      | Gained mutation: You expend magic power (3 MP) to
                  | strengthen your wands. [potion of mutation]
  1441 | D:2      | Gained mutation: Your spells are a little easier to cast,
                  | but a little less powerful. [potion of mutation]
  1441 | D:2      | Gained mutation: You occasionally shout uncontrollably at
                  | your foes. [potion of mutation]
  1667 | D:2      | Reached ** piety under Cheibriados
  1734 | D:2      | Reached skill level 2 in Ranged Weapons
  1853 | D:2      | Found Lafeon's Distillery.
  1861 | D:2      | Bought a potion of heal wounds for 65 gold pieces
  2213 | D:3      | Reached XP level 4. HP: 15/30 MP: 7/7
  2558 | D:3      | Found a transporter.
  2560 | D:3      | Noticed gelatine's ghost (weakling PaGl)
  2561 | D:3      | Found a transporter.
  2612 | D:3      | You fall into a shaft and drop 2 floors!
  2612 | D:5      | Entered Level 5 of the Dungeon
  2627 | D:4      | Found a staircase to the Ecumenical Temple.
  2647 | D:4      | Reached skill level 3 in Ranged Weapons
  3208 | D:3      | Reached XP level 5. HP: 35/35 MP: 8/8
  3555 | D:3      | Identified the +2 ring mail of the Morning {+Blink Will+
                  | MP+9}
  3769 | D:3      | Reached *** piety under Cheibriados
  3770 | D:3      | Reached skill level 4 in Ranged Weapons
  4124 | D:4      | Reached XP level 6. HP: 41/41 MP: 9/9
  4200 | D:4      | Found a shadowy altar of Dithmenos.
  4294 | D:4      | Reached skill level 5 in Ranged Weapons
  4606 | D:5      | Noticed Menkaure
  4612 | D:5      | Killed Menkaure
  4613 | D:5      | Reached XP level 7. HP: 21/46 MP: 10/10
  4810 | D:5      | Found Oxkeg's Antique Weapon Shop.
  4818 | D:5      | Bought a shortbow for 60 gold pieces
  4835 | D:5      | Reached **** piety under Cheibriados
  4843 | D:5      | Reached skill level 6 in Ranged Weapons
  5019 | D:5      | Found a transporter.
  5019 | D:5      | Noticed blackman's ghost (novice HuWn)
  5022 | D:5      | Found a transporter.
  5267 | D:5      | Identified the +5 long sword of Rixaloos {freeze, Contam
                  | *Noise rPois Stlth+}
  5602 | D:5      | Reached skill level 7 in Ranged Weapons
  5602 | D:5      | Reached XP level 8. HP: 52/52 MP: 11/11
  5800 | D:5      | Reached skill level 8 in Ranged Weapons
  6359 | D:2      | Bought a potion of curing for 39 gold pieces
  6359 | D:2      | Bought a potion of curing for 39 gold pieces
  6359 | D:2      | Bought a potion of curing for 39 gold pieces
  6468 | D:6      | Noticed Pikel
  6554 | D:6      | Reached ***** piety under Cheibriados
  6683 | D:6      | Reached skill level 9 in Ranged Weapons
  6766 | D:6      | Reached XP level 9. HP: 30/57 MP: 12/12
  6805 | D:6      | Found a glowing drain.
  6813 | D:6      | Killed Pikel
  6814 | D:6      | Reached skill level 10 in Ranged Weapons
  6845 | Sewer    | Entered a sewer
  7674 | D:3      | Killed gelatine's ghost
  8249 | D:7      | Reached skill level 11 in Ranged Weapons
  8252 | D:7      | Reached ****** piety under Cheibriados
  8302 | D:7      | Reached XP level 10. HP: 56/63 MP: 13/13
  8596 | D:7      | Paralysed by a hornet for 3 turns
  8946 | D:7      | Reached skill level 12 in Ranged Weapons
  9428 | D:8      | Found a burning altar of Makhleb.
  9479 | D:8      | Found a runed translucent gate.
  9479 | D:8      | Found a runed translucent gate.
  9479 | D:8      | Found a runed translucent gate.
  9480 | D:8      | Found an opulent altar of Gozag.
  9480 | D:8      | Noticed a six-headed hydra
  9483 | D:8      | Noticed pesado's ghost (novice GrFE)
  9490 | D:8      | Identified the +4 hand axe "Yteok Hou" {elec, SInv}
  9515 | D:8      | Found a staircase to the Lair.
  9925 | D:8      | Noticed a two-headed ogre
  9937 | D:8      | Killed a two-headed ogre
  9938 | D:8      | HP: 3/63 [gnoll/+0 spear[a gnoll sergeant] (7)]
 10709 | D:9      | Noticed mortz's ghost (novice DrFE)
 10728 | D:9      | Found a runed translucent door.
 10885 | D:9      | Reached XP level 11. HP: 66/68 MP: 14/14
 10892 | D:9      | Found a white marble altar of Elyvilon.
 11215 | D:9      | Found Keer's Armour Boutique.
 11231 | D:9      | Bought a +2 helmet for 247 gold pieces
 11665 | D:10     | Entered Level 10 of the Dungeon
 11710 | D:10     | Reached skill level 10 in Dodging
 12192 | D:10     | Noticed a two-headed ogre
 12202 | D:10     | Killed a two-headed ogre
 12496 | Lair:1   | Entered Level 1 of the Lair of Beasts
 12528 | Lair:1   | Reached skill level 13 in Ranged Weapons
 13510 | Lair:2   | Reached XP level 12. HP: 54/74 MP: 15/15
 13519 | Lair:2   | Reached skill level 14 in Ranged Weapons
 13543 | Lair:2   | Found a hole to the Spider Nest.
 13889 | Lair:2   | Noticed Urug
 13912 | Lair:2   | Killed Urug
 14841 | Lair:3   | Reached skill level 15 in Ranged Weapons
 15001 | Lair:3   | Found a staircase to the Swamp.
 15163 | Lair:3   | Reached skill level 16 in Ranged Weapons
 15179 | Lair:3   | Reached skill level 1 in Fighting
 15258 | Lair:3   | Reached XP level 13. HP: 85/85 MP: 16/16
 15259 | Lair:3   | Identified the +3 rapier of the Tired People {antimagic,
                  | Drain rC+ Will+ Str+2}
 15499 | Lair:3   | Reached skill level 5 in Fighting
 15810 | Lair:4   | Annihilated by a komodo dragon

Illustrated notes

Levels and vault maps discovered:
D:1:      minmay_arrival_open_corners, layout_basic,
          shapermc_ecumenical_altar_mp_vishouse
D:2:      layout_basic, serial_shops, shop, dreamdust_princess_bridge
D:3:      layout_basic, gammafunk_ghost_mausoleum, grunt_ministairs_14
D:4:      layout_basic, mainiacjoe_overflow_six_doors_small,
          minmay_temple_entry_trees
D:5:      minmay_razor_zed, layout_basic, gammafunk_ghost_hive, serial_shops,
          nicolae_shop_overgrown_old_shop, kennysheep_generic_room_9,
          uniq_menkaure
D:6:      cheibrodos_thug_alley, layout_loops_ring, portal_sewer_entry_a,
          uniq_pikel
D:7:      layout_cave_pools
D:8:      layout_basic, mainiacjoe_overflow_tiny_flanked, david_lair_generic,
          ebering_ghost_gozag, minmay_quadrilaterals
D:9:      layout_loops_ring, mainiacjoe_overflow_brackets, serial_shops,
          nicolae_shop_crystal, hellmonk_ghost_big_iron
D:10:     layout_loops_ring, nicolae_zen_rock_garden
Lair:1:   layout_small_grid, chequers_serial_rivers_room_b, grunt_megastairs_5
Lair:2:   layout_layer_cave, hellmonk_spider_entry_life_and_decay,
          infiniplex_staircase_pool, grunt_megastairs_1, uniq_urug
Lair:3:   layout_small_grid, skrybe_swamp_entry_bodies
Lair:4:   layout_loops_ring, slime_entry_1, wad_woods_02

Skill      XL: |  1  2  3  4  5  6  7  8  9 10 11 12 13 |
---------------+----------------------------------------+-----
Dodging        | 3 7 12 | 12.0
Ranged Weapons | 1 2 3 4 5 7 9 11 12 13 16 | 16.0
Fighting       | 2 5 |  5.9
Stealth        | |  2.1
Spellcasting   | |  2.0
Conjurations   | |  0.7
Air Magic      | |  2.4

Action                   |  1- 3 |  4- 6 |  7- 9 | 10-12 | 13-15 || total
-------------------------+-------+-------+-------+-------+-------++-------
Melee: Spear             |    23 |       |       |       |       ||    23
 Fire: Sling             |    85 |   211 |       |       |       ||   296
       Shortbow          |       |       |   423 |   949 |    87 ||  1459
Evoke: Wand              |       |       |     3 |     6 |       ||     9
  Use: Potion            |     4 |     1 |     1 |     2 |       ||     8
       Scroll            |     2 |     2 |     7 |    14 |     1 ||    26
 Stab: Sleeping          |     1 |       |       |       |       ||     1
Armor: Robe              |     7 |       |       |       |       ||     7
       Leather armour    |     1 |    20 |       |       |       ||    21
       Skin              |       |     1 |       |       |       ||     1
       Ring mail         |       |    37 |   116 |    49 |       ||   202
       Troll leather arm |       |       |       |    86 |     7 ||    93
Dodge: Dodged            |    47 |   102 |   295 |   914 |    40 ||  1398
